[Event "Titled Tuesday Blitz December 20 Early 2022"]
[White "Cambel, Vladimir"]
[Black "KerryStead"]
[WhiteFideId "14908930"]
[WhiteElo "2006"]
[BlackElo "2033"]
[Result "1-0"]
[Round "11"]
[TimeControl "180+2"]
[Date "2022.12.20"]
[WhiteClock "0:00:41"]
[BlackClock "0:00:20"]

1. e4 c6 2. Nf3 d5 3. Nc3 dxe4 4. Nxe4 Bg4 5. Be2 Nd7 6. O-O Ngf6 7. d3 e6 8. h3 Bxf3 9. Bxf3 Nxe4 10. Bxe4 Nf6 11. Bf3 Bd6 12. d4 O-O 13. c3 Bc7 14. g3 h6 15. Re1 Qe7 16. b3 Rfd8 17. Qc2 c5 18. Be3 cxd4 19. Bxd4 Ba5 20. Rad1 Rac8 21. Qb2 Nd5 22. b4 Bb6 23. Bxd5 Rxd5 24. Bxb6 Rxd1 25. Rxd1 axb6 26. Rd3 Qf6 27. Qd2 Kh7 28. h4 b5 29. Rd4 g6 30. Qd3 Qe5 31. Kg2 Kg7 32. a3 Rc6 33. Qd2 Ra6 34. Rf4 g5 35. hxg5 hxg5 36. Rg4 f6 37. Qd7+ Kg6 38. Qe8+ Kf5 39. Rd4 Qe2 40. g4+ Ke5 41. Qb8+ 1-0


[Site "https://www.chess.com"]

[Event "Titled Tuesday Blitz December 20 Early 2022"]
[White "Canche Cab, Marco Alexei"]
[Black "SaiHanThiha"]
[WhiteFideId "5116139"]
[WhiteElo "2004"]
[BlackElo "2429"]
[Result "1/2-1/2"]
[Round "11"]
[TimeControl "180+2"]
[Date "2022.12.20"]
[WhiteClock "0:00:04"]
[BlackClock "0:00:09"]

1. e4 c6 2. d4 d5 3. f3 dxe4 4. fxe4 e5 5. c3 Nf6 6. Nf3 exd4 7. e5 Ne4 8. cxd4 Bb4+ 9. Nbd2 Bg4 10. Bd3 Nxd2 11. Bxd2 Bxf3 12. Qxf3 Bxd2+ 13. Kxd2 Qxd4 14. Kc2 O-O 15. Rhe1 Nd7 16. Rad1 Qc5+ 17. Kb1 Nxe5 18. Bxh7+ Kxh7 19. Qf5+ g6 20. Rxe5 gxf5 21. Rxc5 Rad8 22. Rxd8 Rxd8 23. Rxf5 Kg6 24. Rf2 f5 25. Kc2 Rd4 26. Rd2 Rh4 27. g3 Rh7 28. Rf2 Kg5 29. Kd3 Rd7+ 30. Kc4 b6 31. Kc3 c5 32. Rd2 Rh7 33. Rf2 Re7 34. Kc4 Re4+ 35. Kb5 Rb4+ 36. Kc6 Ra4 37. b3 Rd4 38. Kb7 Rd7+ 39. Kc6 Rh7 40. h4+ Kg4 41. Rf4+ Kxg3 42. Rxf5 Kxh4 43. Rf8 Kg4 44. Ra8 Kf4 45. Kb5 Ke4 46. Ka6 Kd4 47. a4 Kc3 48. Rxa7 Rxa7+ 49. Kxa7 Kxb3 50. Kxb6 c4 51. a5 c3 52. a6 c2 53. a7 c1=Q 54. a8=Q Qg1+ 55. Kb7 Qg2+ 56. Ka7 Qf2+ 57. Kb8 Qf8+ 58. Ka7 Qa3+ 59. Kb8 Qd6+ 60. Kb7 Qd7+ 61. Ka6 Qa4+ 62. Kb7 Qd7+ 63. Kb8 Kb4 64. Qe4+ Kc5 65. Qc2+ Kd6 66. Qd3+ Kc6 67. Qc4+ Kd6 68. Qd4+ Kc6 69. Qa4+ Kd6 70. Qd1+ Kc6 71. Qf3+ Kd6 72. Qf4+ Kc6 73. Qc4+ Kb6 74. Qb4+ Ka6 75. Qc4+ Kb6 76. Qb3+ Kc5 77. Qa3+ Kb6 78. Qe3+ Kb5 79. Qe2+ Ka5 80. Qe1+ Kb6 81. Qb1+ Ka6 82. Qf1+ Kb6 83. Qg1+ Kc6 84. Qg6+ Kb5 85. Qb1+ Kc5 86. Qg1+ Kc6 87. Qg2+ Kb6 88. Qg1+ Ka6 89. Qf1+ Ka5 90. Qa1+ Kb4 91. Qb2+ Kc5 92. Qc3+ Kd5 93. Qd3+ Kc6 94. Qe4+ Kb6 95. Qe3+ Kb5 96. Qe2+ Kc5 97. Qc2+ Kd5 98. Qd3+ Ke6 99. Qg6+ Ke7 100. Qg7+ Kd6 101. Qf6+ Kc5 102. Qc3+ Kd6 103. Qd4+ Ke7 104. Qe5+ 1/2-1/2


[Site "https://www.chess.com"]

[Event "Titled Tuesday Blitz December 20 Early 2022"]
[White "ChessFanNM"]
[Black "Bilandani, Vansh"]
[BlackFideId "8511292"]
[WhiteElo "2395"]
[BlackElo "2488"]
[Result "0-1"]
[Round "11"]
[TimeControl "180+2"]
[Date "2022.12.20"]
[WhiteClock "0:00:20"]
[BlackClock "0:00:18"]

1. e4 c6 2. d4 d5 3. exd5 cxd5 4. c4 Nf6 5. Nc3 Nc6 6. Nf3 Bg4 7. cxd5 Nxd5 8. Qb3 Bxf3 9. gxf3 e6 10. Qxb7 Nxd4 11. Bb5+ Nxb5 12. Qc6+ Ke7 13. Qxb5 Qd7 14. Nxd5+ Qxd5 15. Bg5+ f6 16. Qxd5 exd5 17. Be3 Ke6 18. O-O-O Rc8+ 19. Kb1 Bc5 20. Rhe1 Bxe3 21. Rxe3+ Kd6 22. Rde1 Rhd8 23. Re6+ Kc7 24. Re7+ Rd7 25. Rc1+ Kd8 26. Rxd7+ Kxd7 27. Rxc8 Kxc8 28. Kc2 Kc7 29. Kd3 Kc6 30. Kd4 g6 31. a3 a5 32. b3 h6 33. b4 a4 34. Ke3 Kb5 35. Kd4 Kc6 36. b5+ Kxb5 37. Kxd5 g5 38. Kd4 h5 39. Kd5 f5 40. Kd4 g4 41. fxg4 fxg4 42. Kd5 h4 43. Kd4 h3 44. Kd5 Kb6 45. Kc4 Kc6 46. Kb4 Kd5 47. Kxa4 Ke4 48. Kb4 Kf3 49. a4 Kxf2 50. a5 g3 51. a6 gxh2 52. a7 h1=Q 0-1


[Site "https://www.chess.com"]

[Event "Titled Tuesday Blitz December 20 Early 2022"]
[White "ChessTankMan"]
[Black "Ural_bogatyr"]
[WhiteElo "2514"]
[BlackElo "2615"]
[Result "0-1"]
[Round "11"]
[TimeControl "180+2"]
[Date "2022.12.20"]
[WhiteClock "0:00:04"]
[BlackClock "0:00:03"]

1. e4 c6 2. Nc3 d5 3. Nf3 dxe4 4. Nxe4 Nf6 5. Qe2 Nxe4 6. Qxe4 Qd5 7. Qe3 Bf5 8. b3 Nd7 9. Bc4 Qa5 10. O-O e6 11. Bb2 Nb6 12. Be2 Nd5 13. Qg5 h6 14. Qg3 O-O-O 15. c4 Nf6 16. d4 g5 17. Qe5 Qxe5 18. Nxe5 Rh7 19. Rad1 Nd7 20. Nf3 Be7 21. d5 cxd5 22. cxd5 exd5 23. Rxd5 Be6 24. Rd2 Nc5 25. Rc2 Kb8 26. Bc4 Bf5 27. Rcc1 Be4 28. Rfe1 f5 29. Ne5 Rd2 30. Bc3 Rd8 31. f3 Bd5 32. Bxd5 Rxd5 33. Rcd1 Rxd1 34. Rxd1 Kc8 35. Rc1 Bd6 36. Nc4 Bc7 37. Bd4 Nd3 38. Rc3 Nb4 39. a3 Nc6 40. Bf2 Rd7 41. Rc1 Rd3 42. b4 Rb3 43. h4 Kd7 44. hxg5 hxg5 45. Rd1+ Ke6 46. Re1+ Kf7 47. Rd1 Bf4 48. g3 Bb8 49. Kg2 b5 50. Nd6+ Ke6 51. Nxb5 a6 52. Nd4+ Nxd4 53. Rxd4 Rxa3 54. Rc4 Bd6 0-1


[Site "https://www.chess.com"]

[Event "Titled Tuesday Blitz December 20 Early 2022"]
[White "ChessicallyInclined"]
[Black "sergeikim"]
[WhiteElo "2693"]
[BlackElo "2606"]
[Result "1-0"]
[Round "11"]
[TimeControl "180+2"]
[Date "2022.12.20"]
[WhiteClock "0:00:02"]
[BlackClock "0:00:01"]

1. a3 Nf6 2. b4 g6 3. Bb2 Bg7 4. e4 d6 5. d3 O-O 6. Nd2 e5 7. Be2 c6 8. h4 h5 9. Nh3 Ng4 10. g3 a5 11. Nc4 b6 12. bxa5 bxa5 13. a4 d5 14. Nd2 Na6 15. Ba3 Re8 16. Ng5 f6 17. Ngf3 Be6 18. Rb1 Rb8 19. O-O Qd7 20. Nb3 Qc7 21. Qd2 Nb4 22. Nc5 Bc8 23. Rb3 Bf8 24. Qc3 Qa7 25. exd5 cxd5 26. d4 exd4 27. Nxd4 Qxc5 28. Qd2 Qc7 29. Nb5 Qf7 30. Bf3 Be6 31. Nd4 Ne5 32. Bg2 Bg4 33. Bxb4 axb4 34. Nb5 Rbd8 35. Ra1 Nc4 36. Qd3 Ne5 37. Qd4 Nc6 38. Qb6 Ne5 39. a5 Nc4 40. Qd4 Ne5 41. a6 Nc6 42. Qd3 Na7 43. Nd4 Rc8 44. Ra5 Red8 45. Ne2 1-0


[Site "https://www.chess.com"]

[Event "Titled Tuesday Blitz December 20 Early 2022"]
[White "Chessmissile07"]
[Black "Sokolov, Ivan"]
[BlackFideId "14400030"]
[WhiteElo "2730"]
[BlackElo "2590"]
[Result "0-1"]
[Round "11"]
[TimeControl "180+2"]
[Date "2022.12.20"]
[WhiteClock "0:00:12"]
[BlackClock "0:00:09"]

1. e4 d6 2. d4 Nf6 3. Nc3 g6 4. Bg5 Bg7 5. f4 c5 6. e5 Ng4 7. Bb5+ Kf8 8. exd6 Qxd6 9. dxc5 Bxc3+ 10. bxc3 Qxc5 11. Qd8+ Kg7 12. Qd4+ Qxd4 13. cxd4 f6 14. Bh4 Ne3 15. Kd2 Nf5 16. Bf2 Nc6 17. Bxc6 bxc6 18. Nf3 Rb8 19. Rhe1 Kf7 20. Rab1 Be6 21. a3 Bd5 22. Kd3 Nd6 23. Rb4 a5 24. Rbb1 Ba2 25. Rxb8 Rxb8 26. Nd2 Be6 27. Rb1 Bf5+ 28. Ke2 Rxb1 29. Nxb1 Bxc2 30. Nc3 Ke6 31. Kd2 Bf5 32. Kc1 Nc4 33. a4 Kd6 34. g3 h5 35. Be1 Nb6 36. Nd1 Nxa4 37. Bxa5 Kd5 38. Bb4 e6 39. Be7 Kxd4 40. Bxf6+ Kd3 41. Nf2+ Ke2 42. Nd1 Kf3 43. Be5 Kg2 44. Ne3+ Kxh2 45. Kd2 Kxg3 46. Ke2 Nc5 47. Nf1+ Kg2 48. Ne3+ Kg3 49. Nf1+ Kh3 50. Kf3 Ne4 51. Ne3 Nd2+ 52. Ke2 Nb3 53. Kf3 Nc5 54. Bd6 Be4+ 55. Kf2 Nd3+ 56. Ke2 c5 57. Nf1 c4 58. Nd2 Bd5 59. Be5 Kg4 60. Bd6 Nxf4+ 61. Ke3 Ng2+ 62. Kf2 h4 63. Nf1 h3 64. Bg3 c3 65. Nh2+ Kf5 66. Ke2 c2 67. Kd2 Be4 68. Kc1 g5 69. Nf1 Kg4 70. Bh2 Kf3 71. Nd2+ Ke3 72. Bg1+ Kd3 73. Bh2 Nh4 74. Bg3 Nf3 75. Nf1 g4 76. Bf4 Kd4 77. Ng3 h2 78. Ne2+ Kd3 79. Ng3 e5 80. Nh1 exf4 81. Nf2+ Kd4 82. Nxg4 h1=Q+ 83. Kb2 Qb1+ 84. Ka3 c1=Q+ 85. Ka4 Bc6+ 86. Ka5 Qa3# 0-1


[Site "https://www.chess.com"]

[Event "Titled Tuesday Blitz December 20 Early 2022"]
[White "Coda, Carlos"]
[Black "D`Arruda, Ricardo D."]
[WhiteFideId "110329"]
[BlackFideId "100692"]
[WhiteElo "1971"]
[BlackElo "2271"]
[Result "1/2-1/2"]
[Round "11"]
[TimeControl "180+2"]
[Date "2022.12.20"]
[WhiteClock "0:00:16"]
[BlackClock "0:00:12"]

1. c4 e5 2. g3 Nf6 3. Bg2 Nc6 4. Nc3 Bb4 5. Nd5 Bc5 6. d3 h6 7. Nf3 d6 8. O-O O-O 9. Nc3 Be6 10. a3 a5 11. Re1 d5 12. cxd5 Nxd5 13. Bd2 Re8 14. Rc1 Ba7 15. Ne4 Qe7 16. Qc2 Rad8 17. Nc5 Bc8 18. Ne4 Bg4 19. Qc4 Bxf3 20. Bxf3 Nd4 21. Bg2 b5 22. Qa2 Bb6 23. Nc3 Nf6 24. Ne4 Nxe4 25. Bxe4 c5 26. b4 cxb4 27. axb4 a4 28. Be3 Qa7 29. Bxd4 exd4 30. Bc6 Re5 31. f4 Rh5 32. Bf3 Rf5 33. Rc6 Bc7 34. Rec1 Bd6 35. Rc8 Rxc8 36. Rxc8+ Bf8 37. Be4 Rh5 38. Bf3 Rf5 39. Qc2 g6 40. Qc6 Qe7 41. Be4 Rf6 42. Qxb5 Kg7 43. Qxa4 Qxb4 44. Qxb4 Bxb4 45. Rc4 Bc3 46. Kg2 Bb2 47. Kf3 Re6 48. Rb4 Bc3 49. Rb3 Ba1 50. Rb7 Kf8 51. Kf2 Re7 52. Rb4 Bc3 53. Rc4 Bb2 54. Kf1 Rd7 55. Ke1 Bc3+ 56. Kf2 Bb2 57. e3 dxe3+ 58. Kxe3 Bc1+ 59. Ke2 Bb2 60. Rb4 Bd4 61. Rb8+ Kg7 62. Rb7 Rxb7 63. Bxb7 Bg1 64. h3 Kf6 65. Kf3 g5 66. fxg5+ hxg5 67. Ke4 Kg6 68. Bc8 f6 69. Be6 Kg7 70. Kd5 Bh2 71. g4 Kf8 72. d4 Ke7 73. Bf5 Bg3 74. Ke4 Bf2 75. Kd3 Bg3 76. Ke4 Bh2 77. Kd5 Bg3 78. Kc6 Bh2 79. d5 Bg3 80. Be4 Be5 81. Bg2 Bf4 82. Bf1 Bg3 83. Bc4 Bf4 84. Bb3 Be5 85. Kc5 Bd6+ 86. Kd4 Be5+ 87. Ke4 Bd6 88. Kf5 Be5 89. Ba2 Bd6 90. Bb1 Be5 91. Be4 Bd6 92. Bf3 Be5 93. Kg6 Bf4 94. Kh5 Bg3 95. Bg2 Bh4 96. Bh1 Kd6 97. Be4 Ke5 98. Bf3 Bg3 99. Kg6 Bh4 100. Kg7 Bg3 101. Kf7 Be1 102. Kg6 Bb4 103. Kh5 Be7 104. Bg2 Bd8 105. Bh1 Be7 106. Bg2 Bd8 107. h4 gxh4 108. Kxh4 f5+ 109. g5 Kf4 110. Kh5 Bxg5 111. Bh3 Be7 112. Kg6 Ke5 113. Bg2 f4 114. Kf7 Bd6 115. Bf3 Kd4 116. Ke6 Bb4 117. Kf5 Ke3 118. Bg4 f3 119. Bh3 f2 120. Ke6 Kd2 121. d6 Bxd6 122. Kxd6 Ke1 123. Bg2 f1=Q 124. Bxf1 1/2-1/2


[Site "https://www.chess.com"]

[Event "Titled Tuesday Blitz December 20 Early 2022"]
[White "CristobalBlanco"]
[Black "Malich, Burkhard, Dr."]
[BlackFideId "4611330"]
[WhiteElo "2476"]
[BlackElo "2323"]
[Result "0-1"]
[Round "11"]
[TimeControl "180+2"]
[Date "2022.12.20"]
[WhiteClock "0:00:05"]
[BlackClock "0:00:13"]

1. e4 c5 2. Nf3 Nc6 3. d4 cxd4 4. Nxd4 Nf6 5. Nc3 e5 6. Ndb5 d6 7. Bg5 a6 8. Bxf6 gxf6 9. Na3 b5 10. Nd5 f5 11. exf5 Bxf5 12. c3 Bg7 13. Nc2 O-O 14. Nce3 Be6 15. Bd3 f5 16. Bc2 Ra7 17. a4 b4 18. Bb3 Kh8 19. cxb4 Nd4 20. Bc4 f4 21. Nc2 Qa8 22. Nxd4 Bxd5 23. Bxd5 Qxd5 24. Ne2 Qxg2 25. Rg1 Qe4 26. Kf1 f3 27. Nc1 Qxb4 28. Ra3 e4 29. Qb3 Qd2 30. Qe3 Qxe3 31. Rxe3 Rc7 32. Nb3 d5 33. Rg4 Rc2 34. Rg5 Rxb2 35. Rxd5 Rb1+ 36. Re1 Rxb3 37. Rxe4 Rb1+ 38. Re1 Rfb8 39. Rd6 Rxe1+ 40. Kxe1 Bc3+ 41. Kd1 Rb2 42. Rxa6 Rxf2 43. Rc6 Bd4 44. Rd6 Be3 45. Rd3 Re2 46. a5 Kg7 47. a6 Kg6 48. Rd7 Bf2 49. a7 Ra2 50. Rd3 Bxa7 51. Rxf3 Rxh2 52. Ke1 Rg2 53. Kf1 Rg1+ 54. Ke2 h5 55. Ra3 Bc5 56. Ra6+ Kh7 57. Kf3 Rg6 58. Rc6 Bd6 59. Rc4 Kh6 60. Rd4 Rf6+ 61. Kg2 Kg5 62. Kh3 Rf3+ 63. Kg2 Rf6 64. Rd5+ Kg4 65. Rd4+ Bf4 66. Rd5 h4 67. Rd7 Ra6 68. Rg7+ Bg5 69. Rd7 Ra2+ 70. Kh1 Bf4 71. Rd4 h3 72. Rd1 Bg3 73. Rb1 Rh2+ 74. Kg1 Rg2+ 75. Kh1 Ra2 76. Rb4+ Bf4 77. Rb1 Rc2 78. Rg1+ Kh4 79. Rb1 Rf2 80. Rd1 Be3 81. Rb1 Kg3 82. Re1 Rh2# 0-1


[Site "https://www.chess.com"]

[Event "Titled Tuesday Blitz December 20 Early 2022"]
[White "Crone, Stephan"]
[Black "Ivan11Martic"]
[WhiteFideId "4670175"]
[WhiteElo "1860"]
[BlackElo "2528"]
[Result "1-0"]
[Round "11"]
[TimeControl "180+2"]
[Date "2022.12.20"]
[WhiteClock "0:00:13"]
[BlackClock "0:00:34"]

1. e4 c5 2. Nf3 Nc6 3. Bb5 d6 4. O-O Bd7 5. c3 Nf6 6. Re1 a6 7. Bf1 Bg4 8. d4 cxd4 9. cxd4 Bxf3 10. gxf3 d5 11. e5 Nh5 12. e6 fxe6 13. f4 g6 14. Bh3 Ng7 15. Nc3 Qd6 16. Na4 Kf7 17. Nc5 Nd8 18. Nd3 Nf5 19. Ne5+ Kg8 20. Bxf5 exf5 21. Be3 Bg7 22. Rc1 h6 23. Qc2 Ne6 24. Nxg6 Rh7 25. Ne5 Rf8 26. Qb3 Bxe5 27. dxe5 Rg7+ 28. Kf1 Qd7 29. Red1 Kh7 30. Qxd5 Qxd5 31. Rxd5 Rfg8 32. Ke2 Rg2 33. Rd7 R8g7 34. h4 Kg6 35. Rxb7 Kh5 36. Rb6 R7g6 37. Rcc6 Nf8 38. Rxa6 Kxh4 39. Rxg6 Nxg6 40. Kf3 Kh3 41. b4 h5 42. b5 Nh4+ 43. Ke2 Rg1 44. Ra3 Rg8 45. b6 Kg2 46. Rb3 Nf3 47. b7 Rb8 48. Ba7 Rxb7 49. Rxb7 h4 50. Rxe7 Ng1+ 51. Kd2 h3 52. Rh7 Kf1 53. f3 h2 54. Rxh2 Nxf3+ 55. Kd3 Nxh2 56. e6 1-0


[Site "https://www.chess.com"]

[Event "Titled Tuesday Blitz December 20 Early 2022"]
[White "Cuajada_Zero"]
[Black "Carvalho, Heracles Elieser"]
[BlackFideId "22751114"]
[WhiteElo "2413"]
[BlackElo "1895"]
[Result "1-0"]
[Round "11"]
[TimeControl "180+2"]
[Date "2022.12.20"]
[WhiteClock "0:00:01"]
[BlackClock "0:00:02"]

1. d4 Nf6 2. Nf3 g6 3. Nbd2 d5 4. e3 Bg7 5. b4 O-O 6. Bb2 a5 7. b5 c5 8. c4 cxd4 9. Bxd4 Bf5 10. Rc1 Nbd7 11. cxd5 e5 12. dxe6 Bxe6 13. Be2 Bxa2 14. O-O Be6 15. Ng5 Bd5 16. e4 Nxe4 17. Bxg7 Qxg5 18. f4 Qxg2+ 19. Kxg2 Nc3+ 20. Kg3 Nxd1 21. Bxf8 Ne3 22. Ba3 Nxf1+ 23. Nxf1 Re8 24. Kf2 Nf6 25. Bf3 Ne4+ 26. Kg2 f5 27. Ne3 Be6 28. Rc7 Rd8 29. Bxe4 fxe4 30. Kg3 Rd3 31. Bc1 a4 32. f5 gxf5 33. Kf4 a3 34. Rxb7 a2 35. Bb2 Rb3 36. Be5 Rb1 37. Ra7 Bf7 38. Kg5 Rb3 39. Kf6 1-0


[Site "https://www.chess.com"]

[Event "Titled Tuesday Blitz December 20 Early 2022"]
[White "DIMONBANAN"]
[Black "ChessShop"]
[WhiteElo "2416"]
[BlackElo "2502"]
[Result "0-1"]
[Round "11"]
[TimeControl "180+2"]
[Date "2022.12.20"]
[WhiteClock "0:00:19"]
[BlackClock "0:00:09"]

1. e4 e5 2. Nf3 d6 3. Nc3 Be7 4. d4 exd4 5. Nxd4 Nf6 6. g3 O-O 7. Bg2 Re8 8. O-O Nbd7 9. Nf5 Bf8 10. Bg5 h6 11. Be3 Ne5 12. h3 Bxf5 13. exf5 c6 14. Ne2 d5 15. g4 Nc4 16. Bc1 Bd6 17. b3 Ne5 18. Ng3 Ned7 19. g5 hxg5 20. Bxg5 Qc7 21. Qd3 Nc5 22. Qf3 Nce4 23. Bxf6 Nxf6 24. Rfe1 Qb6 25. Rad1 Bxg3 26. Qxg3 Qb4 27. f3 Nh5 28. Qf2 Nf4 29. Bf1 Qb6 30. Qxb6 axb6 31. a4 Kf8 32. Kf2 Rxe1 33. Rxe1 Re8 34. Rxe8+ Kxe8 35. Ke3 Nh5 36. Bd3 Ke7 37. f4 Nf6 38. b4 Kd6 39. a5 bxa5 40. bxa5 c5 41. a6 bxa6 42. Bxa6 d4+ 43. Kd3 Nd5 44. Bc4 Nxf4+ 45. Ke4 Nxh3 46. Kf3 Ng5+ 47. Kf4 f6 48. Bg8 Kc6 49. Kg4 Kb5 50. Kh5 c4 51. Kg6 d3 52. cxd3 cxd3 53. Bb3 Kb4 54. Bd1 Kc3 55. Kxg7 Ne4 56. Kf7 Kd4 57. Ke6 Ke3 58. Ba4 Kf4 59. Bd1 Ke3 60. Kd5 Nc3+ 61. Ke6 Nxd1 62. Kxf6 Kf4 63. Kg7 Ne3 64. f6 Nf5+ 65. Kg6 Nd6 66. f7 Nxf7 67. Kxf7 d2 0-1


[Site "https://www.chess.com"]

[Event "Titled Tuesday Blitz December 20 Early 2022"]
[White "Dadic, Ivan"]
[Black "Harkness, Bryan"]
[WhiteFideId "14531364"]
[BlackFideId "444227"]
[WhiteElo "2080"]
[BlackElo "1935"]
[Result "1-0"]
[Round "11"]
[TimeControl "180+2"]
[Date "2022.12.20"]
[WhiteClock "0:00:17"]
[BlackClock "0:00:02"]

1. e4 c5 2. Nc3 a6 3. Nge2 Nc6 4. g3 g6 5. d4 cxd4 6. Nxd4 Bg7 7. Nxc6 bxc6 8. Bg2 e6 9. O-O d5 10. exd5 cxd5 11. Re1 Ne7 12. Bg5 f6 13. Be3 O-O 14. Bc5 Kh8 15. Bxe7 Qxe7 16. Nxd5 Qf7 17. Nb6 Rb8 18. Nc4 e5 19. b3 Be6 20. Ne3 Rfd8 21. Nd5 f5 22. c4 a5 23. Qd2 a4 24. Qc2 axb3 25. axb3 e4 26. Rab1 Bxd5 27. cxd5 Qxd5 28. Bf1 Rdc8 29. Qd1 Qc5 30. Bc4 Bd4 31. Qe2 Re8 32. Kg2 e3 33. f3 g5 34. Red1 f4 35. Rd3 Bg7 36. Rbd1 h6 37. Rd5 Qa3 38. h4 fxg3 39. hxg5 h5 40. Rh1 Bc3 41. Rxh5+ Kg7 42. Rd7+ Re7 43. Qxe3 Qb2+ 44. Kxg3 Rxd7 45. Qe4 Be5+ 46. Kg4 Qg2+ 47. Kf5 Rf7+ 48. Kxe5 Re8+ 49. Be6 Qb2+ 50. Kd6 Qd2+ 51. Qd5 1-0


[Site "https://www.chess.com"]

[Event "Titled Tuesday Blitz December 20 Early 2022"]
[White "Diaz Argandona, Balack Leo"]
[Black "NowInChess"]
[WhiteFideId "3847160"]
[WhiteElo "1496"]
[BlackElo "2177"]
[Result "0-1"]
[Round "11"]
[TimeControl "180+2"]
[Date "2022.12.20"]
[WhiteClock "0:00:56"]
[BlackClock "0:00:36"]

1. d4 Nf6 2. c4 c5 3. d5 b5 4. Qc2 b4 5. e4 d6 6. g3 g6 7. Bg2 Bg7 8. Nh3 O-O 9. O-O Nbd7 10. a3 a5 11. axb4 cxb4 12. f4 Qb6+ 13. Kh1 Ng4 14. Bf3 Ne3 15. Bxe3 Qxe3 16. Kg2 Nc5 17. Nf2 Nb3 18. Ra4 Qxf3+ 19. Kxf3 Nd4+ 20. Ke3 Nxc2+ 21. Kd2 b3 22. c5 dxc5 23. Nc3 Bd7 24. Rc4 Bd4 25. Nd3 Ne3 26. Ne5 Bxe5 27. Kxe3 Bxc3 28. Rxc3 a4 29. Rxc5 a3 30. bxa3 b2 31. Rb1 Rxa3+ 32. Kd2 Rb8 33. Rc7 Ra1 34. Rxb2 Rxb2+ 35. Kc3 Rc1+ 0-1


[Site "https://www.chess.com"]

[Event "Titled Tuesday Blitz December 20 Early 2022"]
[White "Ducrest, Pierre"]
[Black "Fera, Aryanti"]
[WhiteFideId "1303627"]
[BlackFideId "7118988"]
[WhiteElo "2004"]
[BlackElo "1770"]
[Result "1/2-1/2"]
[Round "11"]
[TimeControl "180+2"]
[Date "2022.12.20"]
[WhiteClock "0:00:17"]
[BlackClock "0:00:11"]

1. d4 d5 2. c4 e6 3. Nc3 c5 4. cxd5 cxd4 5. Qa4+ Bd7 6. Qxd4 exd5 7. Qxd5 Nf6 8. Qd1 Bc5 9. Nf3 O-O 10. a3 Qe7 11. Bg5 Bc6 12. e3 h6 13. Bxf6 Qxf6 14. Be2 Rd8 15. Qc2 Nd7 16. O-O Ne5 17. Ne4 Bxe4 18. Qxe4 Nxf3+ 19. Bxf3 Qxb2 20. Rfb1 Qf6 21. Qxb7 Rac8 22. a4 g6 23. a5 Kg7 24. Qe4 Rd2 25. g3 Rcd8 26. Rc1 R8d6 27. Rab1 Ba3 28. Rc7 Rd7 29. Rxd7 Rxd7 30. Rb7 Rxb7 31. Qxb7 Bc5 32. Bd5 h5 33. h4 Qf5 34. Kg2 Qf6 35. a6 Bb6 36. Bf3 Kg8 37. Be4 Kg7 38. Bd5 Kg8 39. Qc8+ Kg7 40. Qd7 Kg8 41. Qb5 Kg7 42. Qe2 Qe5 43. Qd2 Bc5 44. Bf3 Qf6 45. Qc2 Bb6 46. Qb3 Kg8 47. Qb5 Kg7 48. Qc4 Kg8 49. Bd5 Kg7 50. Qa2 Kg8 51. e4 Kg7 52. f4 Qd4 53. e5 Qg1+ 54. Kh3 Bf2 55. Qb3 Qf1+ 56. Bg2 Qxa6 57. Qf3 Qe6+ 58. Kh2 Bb6 59. Bh3 Qa2+ 60. Bg2 Qa1 61. Qd5 Qg1+ 62. Kh3 Qe3 63. Qe4 Qc3 64. e6 Qc8 65. f5 gxf5 66. Qe5+ Kg6 67. e7 f4+ 68. Kh2 fxg3+ 69. Qxg3+ Kh7 70. Be4+ f5 71. Qe5 Bc7 72. Bxf5+ Kg8 73. Bxc8 Bxe5+ 74. Kh3 Kf7 75. Ba6 Kxe7 76. Be2 a5 77. Bxh5 a4 78. Bd1 a3 79. Bb3 Kf6 80. Kg4 Kg6 81. Ba2 Kh6 82. h5 Bb2 83. Bb3 Bc3 84. Ba2 Bb2 85. Bb3 Bc3 86. Ba2 Bb2 1/2-1/2


[Site "https://www.chess.com"]

[Event "Titled Tuesday Blitz December 20 Early 2022"]
[White "EdgePlosion"]
[Black "Iskusnyh, Sergei"]
[BlackFideId "4120027"]
[WhiteElo "2420"]
[BlackElo "2440"]
[Result "0-1"]
[Round "11"]
[TimeControl "180+2"]
[Date "2022.12.20"]
[WhiteClock "0:00:02"]
[BlackClock "0:00:21"]

1. c4 e5 2. Nc3 Bb4 3. Nd5 Be7 4. e3 Nf6 5. Nxf6+ Bxf6 6. d3 O-O 7. Nf3 c6 8. Be2 d5 9. cxd5 cxd5 10. O-O Nc6 11. Rb1 Bf5 12. b4 e4 13. dxe4 dxe4 14. Nd2 Ne5 15. Nc4 Nd3 16. Bxd3 exd3 17. Bd2 Rc8 18. Na5 Qd5 19. f3 Be6 20. e4 Qxa2 21. Bf4 Rc2 22. Qxd3 Rxg2+ 23. Kh1 Bh3 24. Rg1 Rd8 25. Qb3 Rxg1+ 26. Rxg1 Qxb3 27. Nxb3 Rd3 28. e5 Be7 29. Nd2 Bxb4 30. Ne4 Rxf3 31. Bh6 Bf8 32. Nd6 Be6 33. Bd2 Bd5 34. h4 Rh3# 0-1


[Site "https://www.chess.com"]

[Event "Titled Tuesday Blitz December 20 Early 2022"]
[White "Ekat, Michael"]
[Black "Mone, Ved"]
[WhiteFideId "4689801"]
[BlackFideId "25666290"]
[WhiteElo "2051"]
[BlackElo "1254"]
[Result "1/2-1/2"]
[Round "11"]
[TimeControl "180+2"]
[Date "2022.12.20"]
[WhiteClock "0:00:13"]
[BlackClock "0:00:02"]

1. d4 Nf6 2. c4 e6 3. g3 Bb4+ 4. Bd2 Be7 5. Nf3 d5 6. Bg2 O-O 7. O-O c6 8. Qc2 Nbd7 9. Bf4 Nh5 10. Bc1 f5 11. Nbd2 Qe8 12. Ne5 Nhf6 13. Ndf3 Ne4 14. b3 Bd6 15. Bb2 Qe7 16. e3 g5 17. Nd2 Nxe5 18. dxe5 Bb4 19. Nxe4 fxe4 20. f3 exf3 21. Rxf3 Bd7 22. Raf1 Rxf3 23. Rxf3 Rf8 24. Qf2 Rxf3 25. Qxf3 Qf7 26. Qxf7+ Kxf7 27. Kf2 Ke7 28. cxd5 cxd5 29. e4 Bc5+ 30. Ke2 Bb5+ 31. Kd2 Bc6 32. Kd3 g4 33. Bd4 b6 34. exd5 Bxd5 35. Bxc5+ bxc5 36. Bf1 h5 37. Kc3 Kf7 38. Bd3 Kg7 39. Kd2 Kh6 40. Ke3 Kg5 41. Bc2 a5 42. a3 h4 43. Ke2 hxg3 44. hxg3 Kh5 45. Ke3 Kg5 46. Ke2 Bc6 47. Kd2 Bf3 48. Kc3 Bd5 49. b4 axb4+ 50. axb4 cxb4+ 51. Kxb4 Kh6 52. Kc5 Kg7 53. Kd6 Kf7 54. Ba4 Kg6 55. Bd7 Kf5 56. Bc8 Bc4 57. Bd7 Bb3 58. Bb5 Ke4 59. Be2 Kf5 60. Bd3+ Kg5 61. Be4 Bc4 62. Kc5 Ba2 63. Bd3 Bd5 64. Kd6 Ba2 65. Bh7 Bb3 66. Bd3 Ba2 67. Ke7 Bb3 68. Bb5 Bd5 69. Bd3 Bb3 70. Kd6 Ba2 1/2-1/2


[Site "https://www.chess.com"]

[Event "Titled Tuesday Blitz December 20 Early 2022"]
[White "Eloisa Navez, Angel"]
[Black "RianKapriaga"]
[WhiteFideId "5117305"]
[WhiteElo "1942"]
[BlackElo "2327"]
[Result "1-0"]
[Round "11"]
[TimeControl "180+2"]
[Date "2022.12.20"]
[WhiteClock "0:00:18"]
[BlackClock "0:00:01"]

1. e4 c6 2. Nf3 d5 3. Nc3 Bg4 4. d4 Nf6 5. h3 Bxf3 6. Qxf3 e6 7. exd5 exd5 8. Bd3 Be7 9. Bg5 O-O 10. O-O-O Nbd7 11. Rhe1 Re8 12. Ne2 h6 13. Bd2 Bd6 14. Ng3 Bxg3 15. Qxg3 Kh8 16. Qh4 Ne4 17. Qxd8 Raxd8 18. Be3 Re7 19. f3 Nef6 20. Bf4 Rde8 21. Rxe7 Rxe7 22. Kd2 Ng8 23. b3 g6 24. c4 Kg7 25. cxd5 cxd5 26. Rc1 Nb6 27. Rc5 a6 28. a4 Nf6 29. a5 Nbd7 30. Rc7 Re6 31. Rxb7 Rc6 32. Ra7 g5 33. Bh2 Nf8 34. Rxa6 Rc8 35. Rd6 Ne6 36. Be5 Ra8 37. a6 h5 38. b4 h4 39. b5 Nf4 40. b6 Nxd3 41. b7 Rxa6 42. Bxf6+ Kg6 43. Rxa6 1-0


[Site "https://www.chess.com"]

[Event "Titled Tuesday Blitz December 20 Early 2022"]
[White "Etoilegeniale"]
[Black "Hsu, Li Yang"]
[BlackFideId "5800080"]
[WhiteElo "2593"]
[BlackElo "2427"]
[Result "0-1"]
[Round "11"]
[TimeControl "180+2"]
[Date "2022.12.20"]
[WhiteClock "0:00:07"]
[BlackClock "0:00:11"]

1. c4 Nf6 2. Nc3 c5 3. g3 e6 4. Bg2 d5 5. cxd5 exd5 6. d4 cxd4 7. Qxd4 Nc6 8. Qd1 d4 9. Ne4 Bf5 10. Nxf6+ Qxf6 11. Nf3 Bc5 12. O-O O-O 13. Bg5 Qe6 14. Rc1 Bb6 15. a3 Rfe8 16. Re1 h6 17. Bf4 Rad8 18. Qa4 Be4 19. h3 Qd5 20. Qc4 Qa5 21. Bd2 Qf5 22. Nh4 Qf6 23. Bxe4 Rxe4 24. Qd3 Rde8 25. Nf3 Qe6 26. Kg2 Rxe2 27. b4 Rxe1 28. Rxe1 Qd7 29. Rxe8+ Qxe8 30. b5 Ne7 31. Nxd4 Qd7 32. Be3 Nd5 33. Qf5 Nxe3+ 34. fxe3 Qe7 35. Qc8+ Kh7 36. Qf5+ g6 37. Qf3 Kg7 38. a4 Qb4 39. Qg4 Qd2+ 40. Kf3 Qd1+ 41. Kg2 Qd2+ 42. Kf3 Qd1+ 43. Ke4 Qxa4 44. Kd3 Qa3+ 45. Ke2 Qb2+ 46. Kf3 Qc3 47. Nf5+ Kh7 48. Nd4 Bxd4 49. Qxd4 Qxd4 50. exd4 Kg7 0-1


[Site "https://www.chess.com"]